 Dungeon Crawl Stone Soup version 0.27.0-1-g7a089689b8 (webtiles) character file.

Game seed: 1463179515684273546

389 kalagan the Conjurer (level 6, 0/32 HPs)
             Began as a Deep Elf Conjurer on Aug 7, 2021.
             Slain by an orc (3 damage)
             ... on level 5 of the Dungeon.
             The game lasted 00:09:49 (4899 turns).

kalagan the Conjurer (Deep Elf Conjurer)            Turns: 4899, Time: 00:09:49

Health: 0/32       AC:  2    Str:  6    XL:     6   Next: 49%
Magic:  3/16       EV: 13    Int: 23    God:
Gold:   43         SH:  0    Dex: 13    Spells: 5/15 levels left

rFire    . . .     SeeInvis .   b - +0 whip (pain)
rCold    . . .     Faith    .   (no shield)
rNeg     . . .     Spirit   .   a - +0 robe
rPois    .         Reflect  .   (no helmet)
rElec    .         Harm     .   (no cloak)
rCorr    .         Rampage  .   (no gloves)
Will     .....                  (no boots)
Stlth    ++........             (no amulet)
HPRegen  0.10/turn              (no ring)
MPRegen  0.15/turn              (no ring)

@: no status effects
A: no striking features
a: no special abilities


You were on level 5 of the Dungeon.
You visited 1 branch of the dungeon, and saw 5 of its levels.

You collected 139 gold pieces.
You spent 96 gold pieces at shops.

Inventory:

Hand Weapons
 b - a +0 whip of pain (weapon)
 k - a +1 short sword of speed
Armour
 a - a +0 robe (worn)
Wands
 q - a wand of iceblast (6)
 t - a wand of flame (22)
Scrolls
 c - a scroll of brand weapon {unknown}
 d - 2 scrolls of silence {unknown}
 e - a scroll of immolation {unknown}
 f - 2 scrolls of amnesia {unknown}
 h - a scroll of enchant armour {unknown}
 j - 2 scrolls of fear {unknown}
 m - a scroll of teleportation {unknown}
 n - 2 scrolls of vulnerability {unknown}
 p - a scroll of holy word {unknown}
 s - a scroll of summoning {unknown}
 u - a scroll of fog
Potions
 g - a potion of ambrosia
 l - a potion of flight
 o - a potion of cancellation
 r - a potion of haste
 v - 2 potions of might


   Skills:
 + Level 3.7 Dodging
 + Level 4.0 Stealth
 * Level 5.4 Spellcasting
 * Level 5.7 Conjurations
 * Level 3.7 Hexes


You had 5 spell levels left.
You knew the following spells:

 Your Spells              Type           Power      Damage    Failure   Level
a - Magic Dart            Conj           100%       1d8       1%          1
b - Searing Ray           Conj           64%        3d5       1%          2
c - Dazzling Flash        Conj/Hex       56%        N/A       3%          3
d - Fulminant Prism       Conj/Hex       14%        3d9       13%         4

Your spell library contained the following spells:

 Spells                   Type           Power      Damage    Failure   Level
 Iskenderun's Mystic Bla  Conj/Tloc      19%        2d6       28%         4


Dungeon Overview and Level Annotations

Branches:
Dungeon (5/15)
 Temple: D:4-7

Altars:
Fedhas
Kikubaaqudgha
Vehumet

Shops:
D:3 =???(


Message History

(Press . to maintain the ray.)
The orc closely misses you.
Casting: Searing Ray (safe; 1% risk of failure)
Confirm with . or Enter, or press ? or * to list all spells.
Restarting spell: Searing Ray (safe; 1% risk of failure)
Press: ? - help, Shift-Dir - straight line, f - orc
Aim: an orc, wielding a +0 morningstar (81% to hit)
The searing ray hits the orc!
You kill the orc! (Press . to maintain the ray.)
The orc completely misses you.
Casting: Searing Ray (safe; 1% risk of failure)
Confirm with . or Enter, or press ? or * to list all spells.
Restarting spell: Searing Ray (safe; 1% risk of failure)
Press: ? - help, Shift-Dir - straight line, f - sky beast
Aim: a sky beast (73% to hit)
The searing ray misses the sky beast. (Press . to maintain the ray.)
The orc hits you but does no damage.
Unknown command.
The searing ray hits the sky beast!
The sky beast is moderately wounded.
The sky beast flickers out of sight!
Deactivating autopickup; reactivate with Ctrl-A.
Something hits you. Something shocks you. The orc hits you with a +0 dagger.
The searing ray hits something!
A sky beast appears from thin air!
Reactivating autopickup.
The sky beast hits you.
* * * LOW HITPOINT WARNING * * *
The sky beast shocks you.
* * * LOW HITPOINT WARNING * * *
The orc hits you but does no damage.
You feel better.
The sky beast flickers out of sight!
Deactivating autopickup; reactivate with Ctrl-A.
Something hits you.
* * * LOW HITPOINT WARNING * * *
Something shocks you.
* * * LOW HITPOINT WARNING * * *
The orc hits you with a +0 dagger.
You die...

#......
#._....
......
..... .
#...
...#...
......{##
......)@#
......o.#
.#.#....#
#....#
......#
...#+#..
.... ...
... ...


You could see an orc.

Vanquished Creatures
  An ogre (D:3)
  Blork the orc (D:4)
  An orc priest (D:5)
  5 gnolls
  5 adders
  An adder skeleton (D:4)
  3 worms (D:2)
  4 dart slugs
  8 orcs
  5 bats
  6 endoplasms
  2 giant cockroaches (D:1)
  8 goblins
  8 hobgoblins
  8 jackals
  8 kobolds
  3 quokkas
  4 ball pythons
  4 rats
85 creatures vanquished.

Vanquished Creatures (others)
  8 withered plants (D:4)
8 creatures vanquished.

Grand Total: 93 creatures vanquished

Notes
Turn   | Place    | Note
-------+----------+-------------------------------------------
     0 | D:1      | kalagan the Deep Elf Conjurer began the quest for the Orb.
     0 | D:1      | Reached XP level 1. HP: 10/10 MP: 6/6
   256 | D:1      | Reached XP level 2. HP: 15/15 MP: 5/8
   259 | D:1      | Learned a level 2 spell: Searing Ray
   575 | D:1      | Found a faded altar of an unknown god.
   878 | D:1      | Reached XP level 3. HP: 3/19 MP: 6/10
   882 | D:1      | Learned a level 3 spell: Dazzling Flash
  1947 | D:2      | Reached skill level 1 in Hexes
  2213 | D:2      | Reached XP level 4. HP: 24/24 MP: 6/12
  2218 | D:2      | Learned a level 4 spell: Fulminant Prism
  2630 | D:2      | Reached skill level 5 in Conjurations
  3244 | D:3      | Found Silyri's Magic Scroll Emporium.
  3262 | D:3      | Found Vauhaxke's Magic Scroll Shoppe.
  3526 | D:3      | Found Vanku's Weapon Boutique.
  3576 | D:3      | Found Myfareq's Magic Scroll Emporium.
  3582 | D:3      | Bought a scroll of noise for 14 gold pieces
  3582 | D:3      | Bought a scroll of fog for 28 gold pieces
  3582 | D:3      | Bought a scroll of identify for 28 gold pieces
  3653 | D:3      | Bought a scroll of identify for 26 gold pieces
  3774 | D:3      | Reached XP level 5. HP: 22/28 MP: 0/13
  4021 | D:3      | Found Gaggoewn's Jewellery Shop.
  4065 | D:3      | Noticed an ogre
  4069 | D:3      | Killed an ogre
  4070 | D:3      | Reached skill level 5 in Spellcasting
  4229 | D:4      | Reached XP level 6. HP: 32/32 MP: 10/15
  4422 | D:4      | Noticed Blork the orc
  4432 | D:4      | Killed Blork the orc
  4753 | D:4      | Found an ancient bone altar of Kikubaaqudgha.
  4840 | D:4      | Found a blossoming altar of Fedhas.
  4888 | D:5      | Entered Level 5 of the Dungeon
  4888 | D:5      | Found a radiant altar of Vehumet.
  4891 | D:5      | Noticed a sky beast
  4899 | D:5      | Slain by an orc

Illustrated notes

Levels and vault maps discovered:
D:1:      heliophobic_arrival_dark_side_of_the_moon, layout_loops_ring,
          shapermc_ecumenical_altar_starsandcircs
D:2:      minmay_alternating_diamond, layout_basic, cheibrodos_gnoll_hut
D:3:      layout_basic, serial_shops, shop, nicolae_shop_window_shopping,
          nicolae_shop_statue_plus, shop, shop
D:4:      layout_rooms, kiku_gazebo_garden_becter, lemuel_round_altar,
          hangedman_glass_teeth, minivault_26, uniq_blork_the_orc
D:5:      layout_basic, nicolae_overflow_crystal_walls, xom_redecorated,
          mainiacjoe_overflow_chevrons, minmay_temple_entry_sparse_star,
          gup_sewer_entry_spiral, minmay_crystal_room

Skill      XL: |  1  2  3  4  5  6 |
---------------+-------------------+-----
Stealth        | 3 4 |  4.0
Spellcasting   | 4 5 |  5.4
Hexes          | 1 2 3 |  3.7
Dodging        | 3 |  3.7
Conjurations   | 5 |  5.7

Action                   |  1- 3 |  4- 6 || total
-------------------------+-------+-------++-------
Melee: Whip              |    15 |     1 ||    16
 Cast: Magic Dart        |    58 |    88 ||   146
       Searing Ray       |     4 |    12 ||    16
  Use: Scroll            |       |     7 ||     7
       Potion            |       |     1 ||     1
Armor: Robe              |     4 |     3 ||     7
Dodge: Dodged            |    14 |    20 ||    34
